Map: Ruins of Seras

Players

Bop - Winner!

  • Race: Protoss Protoss

TorA

  • Race: Terran Terran

VOD

Have the link to the VOD?

Description

Time

  • Played on: May 2, 2015, 10:42 p.m.
  • Length: 16:25
Show
View Real Time Build Order
Export as new Build Order

Bop Protoss - Winner!

Build Orders: Adept Opening, Carriers 

Get SALT Encoding   

  12  0:01  Probe  
  13  0:14  Pylon  
  13  0:17  Probe  
  14  0:32  Probe (Chrono Boost)  
  15  0:39  Gateway  
  16  0:43  Probe (Chrono Boost)  
  17  0:50  Probe  
  17  0:58  Assimilator  
  17  1:02  Probe (Chrono Boost)  
  17  1:03  Assimilator  
  18  1:12  Pylon  
  18  1:13  Probe (Chrono Boost)  
  19  1:19  Probe (Chrono Boost)  
  20  1:26  Cybernetics Core  
  20  1:32  Gateway  
  20  1:37  Probe  
  21  1:50  Probe  
  22  2:02  Adept (Chrono Boost)  
  22  2:03  Warp Gate  
  24  2:11  Mothership Core  
  26  2:19  Adept  
  26  2:22  Adept  
  30  2:24  Pylon  
  30  2:45  Nexus  
  30  2:56  Adept  
  32  3:00  Probe  
  33  3:12  Probe (Chrono Boost)  
  34  3:15  Stargate  
  34  3:24  Probe (Chrono Boost)  
  34  3:25  Pylon  
  35  3:31  Probe (Chrono Boost)  
  36  3:37  Adept  
  38  3:43  Probe  
  39  3:54  Gateway  
  35  4:06  Oracle (Chrono Boost)  
  35  4:08  Probe (Chrono Boost)  
  35  4:09  Probe (Chrono Boost)  
  38  4:18  Probe (Chrono Boost)  
  38  4:19  Probe (Chrono Boost)  
  39  4:26  Probe (Chrono Boost)  
  39  4:27  Probe (Chrono Boost)  
  41  4:34  Oracle (Chrono Boost)  
  46  4:38  Probe (Chrono Boost)  
  46  4:41  Probe (Chrono Boost)  
  46  4:45  Probe (Chrono Boost)  
  47  4:49  Probe  
  46  4:59  Twilight Council  
  42  5:03  Stalker  
  42  5:04  Stalker, Pylon  
  42  5:14  Probe (Chrono Boost)  
  42  5:15  Probe (Chrono Boost), Assimilator x2  
  44  5:25  Probe (Chrono Boost)  
  46  5:31  Probe (Chrono Boost)  
  46  5:33  Probe (Chrono Boost)  
  47  5:41  Probe (Chrono Boost)  
  49  5:44  Probe (Chrono Boost)  
  49  5:47  Blink (Chrono Boost)  
  49  5:49  Probe (Chrono Boost)  
  50  5:53  Probe (Chrono Boost)  
  50  5:55  Probe (Chrono Boost), Phoenix (Chrono Boost)  
  54  6:02  Probe (Chrono Boost)  
  55  6:09  Probe (Chrono Boost), Stargate  
  56  6:14  Probe (Chrono Boost)  
  57  6:22  Probe x2 (Chrono Boost)  
  59  6:41  Forge  
  59  6:46  Phoenix (Chrono Boost)  
  61  6:47  Nexus  
  61  6:55  Pylon, Phoenix (Chrono Boost)  
  63  7:07  Probe x2  
  63  7:08  Phoenix (Chrono Boost)  
  67  7:13  Phoenix  
  69  7:19  Probe x2 (Chrono Boost)  
  69  7:21  Pylon  
  71  7:27  Fleet Beacon  
  71  7:31  Probe x2 (Chrono Boost)  
  73  7:39  Probe x2 (Chrono Boost)  
  75  7:48  Probe  
  75  7:50  Void Ray (Chrono Boost)  
  84  8:02  Probe (Chrono Boost), Void Ray (Chrono Boost)  
  84  8:05  Assimilator  
  87  8:08  Probe x2 (Chrono Boost)  
  87  8:17  Probe x3  
  90  8:20  Protoss Shields Level 1, Assimilator  
  90  8:22  Graviton Catapult  
  94  8:29  Probe x2  
  94  8:30  Probe  
  97  8:36  Carrier x2 (Chrono Boost)  
  97  8:39  Pylon, Photon Cannon  
  97  8:40  Pylon  
  97  8:41  Probe, Photon Cannon x2  
  94  9:00  Protoss Air Weapons Level 1 (Chrono Boost)  
  106  9:15  Nexus  
  106  9:18  Pylon  
  106  9:35  Carrier x2 (Chrono Boost)  
  106  9:43  Probe x3 (Chrono Boost)  
  109  9:50  Assimilator  
  109  9:52  Photon Cannon  
  122  9:53  Probe (Chrono Boost), Photon Cannon  
  122  9:54  Assimilator  
  122  9:55  Photon Cannon  
  122  9:56  Photon Cannon  
  122  10:09  Pylon  
  122  10:14  Pylon  
  122  10:23  Pylon x2, Carrier (Chrono Boost)  
  122  10:25  Pylon  
  122  10:27  Probe x2, Pylon  
  124  10:29  Robotics Facility  
  124  10:38  Protoss Shields Level 2  
  124  10:39  Templar Archives  
  124  10:44  Protoss Air Weapons Level 2 (Chrono Boost)  
  130  10:57  Stargate  
  130  10:58  Shield Upgrade  
  130  11:00  Pylon, Carrier (Chrono Boost)  
  130  11:04  Pylon  
  130  11:15  Pylon  
  130  11:16  Observer (Chrono Boost)  
  137  11:24  Pylon  
  137  11:27  Psionic Storm, Carrier (Chrono Boost)  
  137  11:30  Photon Cannon x2  
  137  11:42  Carrier (Chrono Boost)  
  143  11:49  Zealot  
  143  11:50  Nexus  
  143  11:51  Pylon  
  143  11:52  Pylon  
  145  11:54  Pylon  
  145  11:57  Assimilator  
  145  12:00  Assimilator  
  148  12:03  Observer (Chrono Boost)  
  149  12:10  Probe  
  149  12:11  Probe x3  
  153  12:19  Carrier x2 (Chrono Boost)  
  153  12:26  Dark Shrine  
  153  12:30  Gateway  
  153  12:31  Gateway  
  153  12:32  Gateway  
  165  12:57  High Templar x3, Photon Cannon  
  171  12:59  Photon Cannon x2  
  171  13:01  Photon Cannon  
  171  13:11  Photon Cannon  
  171  13:13  Photon Cannon  
  171  13:15  Photon Cannon  
  171  13:16  Photon Cannon  
  171  13:19  Photon Cannon  
  171  13:20  Carrier (Chrono Boost)  
  171  13:27  Protoss Shields Level 3 (Chrono Boost)  
  171  13:29  Protoss Air Weapons Level 3 (Chrono Boost)  
  171  13:33  High Templar x2  
  171  13:34  High Templar  
  177  13:52  Warp Prism (Chrono Boost)  
  182  14:03  Carrier (Chrono Boost)  
  188  14:16  Photon Cannon  
  188  14:17  Photon Cannon  
  188  14:21  Photon Cannon  
  188  14:24  Photon Cannon  
  188  14:26  Photon Cannon  
  188  14:28  Pylon  
  192  14:34  Pylon  
  192  14:39  Photon Cannon  
  192  14:41  Photon Cannon  
  192  14:42  High Templar x3, Photon Cannon  
  198  14:56  Stargate  
  198  14:58  Stargate  
  186  15:08  Archon  
  186  15:09  Archon  
  186  15:11  Void Ray x2 (Chrono Boost)  
  186  15:12  Zealot x2  
  186  15:13  Zealot  
  150  15:35  Zealot x3  
  162  15:36  Zealot x2  
  162  15:37  Dark Templar  
  164  15:56  Dark Templar x3  
  176  15:59  Zealot x3  
Show
View Real Time Build Order
Export as new Build Order

TorA Terran 

Build Orders: Hellion Opening, Battlecruiser Hellion (iEchoic Build), Battlecruisers 

Get SALT Encoding   

  12  0:00  SCV  
  13  0:13  SCV  
  14  0:18  Supply Depot  
  14  0:25  SCV  
  15  0:30  Refinery  
  15  0:40  SCV  
  16  0:46  Barracks  
  16  0:52  SCV  
  17  1:04  SCV  
  18  1:16  SCV  
  19  1:33  Orbital Command  
  19  1:34  Marine  
  19  1:35  Supply Depot  
  19  1:37  Supply Depot  
  20  1:41  Factory  
  20  1:54  Barracks Reactor  
  20  1:59  SCV  
  21  2:11  SCV  
  22  2:23  SCV  
  22  2:24  Command Center  
  23  2:35  SCV  
  24  2:38  Hellion x2  
  24  2:43  Supply Depot  
  28  2:47  SCV  
  28  3:00  Factory  
  28  3:02  Hellion  
  28  3:05  Hellion  
  32  3:10  SCV  
  32  3:12  Refinery  
  33  3:13  Barracks Tech Lab  
  33  3:22  SCV  
  34  3:32  Hellion x2  
  38  3:34  SCV  
  38  3:38  Orbital Command  
  39  3:46  SCV  
  40  3:50  Cyclone  
  43  3:58  SCV  
  42  4:08  Orbital Command  
  36  4:13  Hellion x2  
  40  4:23  Cyclone  
  43  4:31  Bunker  
  43  4:32  SCV  
  43  4:33  Barracks Reactor, Starport  
  43  4:35  Hellion x2  
  43  4:38  SCV  
  47  4:56  SCV x2  
  47  4:59  Widow Mine  
  37  5:00  Widow Mine  
  39  5:12  SCV x2  
  41  5:21  Viking  
  43  5:23  Viking  
  43  5:24  SCV x2  
  45  5:36  SCV  
  45  5:41  SCV  
  47  5:44  Hellion x2  
  47  5:48  SCV  
  52  5:51  Viking  
  54  6:01  Supply Depot  
  54  6:23  SCV x2, Hellion x2  
  54  6:25  Supply Depot  
  60  6:30  Armory  
  60  6:33  Engineering Bay  
  60  6:35  SCV x2  
  62  6:46  Cyclone, Hellion x2  
  69  6:47  SCV  
  69  6:53  Supply Depot, Refinery  
  70  6:58  Supply Depot  
  70  7:07  Missile Turret x2  
  70  7:12  Command Center  
  70  7:14  SCV x2  
  72  7:24  Cyclone  
  72  7:26  SCV x2  
  72  7:28  Hellbat x2  
  81  7:30  Supply Depot  
  81  7:34  Supply Depot  
  81  7:38  SCV  
  81  7:39  SCV  
  81  7:41  Refinery  
  83  7:46  Unknown  
  83  7:51  SCV x2  
  85  8:09  Viking x2  
  85  8:12  SCV x2  
  91  8:18  Supply Depot  
  94  8:20  Cyclone  
  94  8:24  SCV  
  95  8:53  Viking x2  
  95  8:55  Cyclone  
  102  8:56  SCV, Hellbat x2  
  102  9:01  Barracks Tech Lab, Factory  
  107  9:05  Orbital Command  
  107  9:08  SCV  
  107  9:09  SCV  
  109  9:16  Refinery x2  
  109  9:23  SCV  
  110  9:24  SCV  
  110  9:25  Fusion Core  
  110  9:27  Viking  
  110  9:28  Viking  
  115  9:34  Starport  
  115  9:35  SCV  
  115  9:36  SCV  
  117  9:41  SCV  
  118  9:47  SCV  
  118  9:52  SCV  
  120  9:53  Factory Tech Lab, SCV  
  121  10:01  Supply Depot  
  121  10:02  Supply Depot  
  121  10:09  Viking  
  121  10:10  Viking, Sensor Tower  
  125  10:15  Unknown  
  125  10:22  SCV, Viking  
  125  10:23  Thor  
  125  10:25  Supply Depot, Terran Vehicle and Ship Weapons Level 1  
  134  10:29  SCV x2  
  134  10:31  Armory  
  134  10:34  SCV  
  137  10:52  Command Center  
  137  10:58  Thor  
  143  11:06  Thor  
  149  11:14  Sensor Tower  
  149  11:15  Supply Depot  
  149  11:16  Supply Depot  
  149  11:17  Supply Depot  
  149  11:19  Hellion x7  
  149  11:20  SCV x3, Hellion x6  
  152  11:29  Raven  
  152  11:30  Viking  
  156  11:36  Viking, Hellbat x2  
  156  11:37  Supply Depot  
  162  11:53  Missile Turret  
  162  12:07  SCV x2  
  164  12:10  Planetary Fortress  
  164  12:12  Refinery  
  164  12:14  Missile Turret  
  164  12:15  Viking x2  
  164  12:16  Factory, Raven  
  164  12:18  Factory  
  164  12:20  Cyclone  
  164  12:21  Starport  
  173  12:53  Viking x2  
  173  12:57  Cyclone  
  180  12:59  Raven  
  182  13:10  Refinery  
  182  13:23  Viking x2  
  182  13:26  Cyclone  
  189  13:32  Terran Vehicle and Ship Weapons Level 2  
  189  13:34  Terran Vehicle And Ship Armor Level 1  
  189  14:16  Starport Reactor  
  189  14:17  Viking x2  
  191  14:18  Battlecruiser  
  199  14:41  Missile Turret  
  199  14:44  Command Center  
  199  14:51  Command Center  
  112  15:26  Viking x3  
  112  15:27  Viking x2  
  94  15:30  Hellbat x3  
  94  15:31  Cyclone  
  94  15:33  Factory Tech Lab x2  
  90  15:51  Cyclone, Hellbat x2  
  90  15:53  Hellbat x2  
Tags
 
Add a new tag
Caveats
  • Supply blocks, unpowered buildings, or Contaminate may cause inaccurate times.
  • Supply counts are checked every 10 seconds.